 Dungeon Crawl Stone Soup version 0.31-a0-355-g57cb03d3e8 (webtiles) character file.

Game seed: 14098403349684345546

41 LustLizard the Ruffian (level 3, 0/23 HPs)
             Began as an Octopode Shapeshifter on July 25, 2023.
             Slain by a jackal (1 damage)
             ... on level 2 of the Dungeon.
             The game lasted 00:01:50 (880 turns).

LustLizard the Ruffian (Octopode Shapeshifter)       Turns: 880, Time: 00:01:51

Health: 0/23       AC:  1    Str: 16    XL:     3   Next: 52%
Magic:  3/3        EV: 13    Int: 10    God:
Gold:   75         SH:  0    Dex: 12    Spells: 2/2 levels left

rFire   . .          .
                       - Unarmed
rCold   . . .        (no shield)
rNeg    . . .        (helmet currently unavailable)
rPois   .            (no amulet)
rElec   .            (no ring)
rCorr   .            (no ring)
SInv    .            (no ring)
Will    .....        (no ring)
Stlth   +++          (no ring)
HPRegen 0.23/turn    (no ring)
MPRegen 0.08/turn    (no ring)
                     (no ring)

%: no passive effects
@: beast-form
A: beast (slay +2), almost no armour, amphibious, 8 rings, camouflage 1,
gelatinous body 1, (nimble swimmer 1), tentacles
a: Begin Untransformation


You were on level 2 of the Dungeon.
You were a hulking beast.
You visited 1 branch of the dungeon, and saw 2 of its levels.

You collected 75 gold pieces.

Inventory:

Talismans
 b - a beast talisman
 g - a talisman of death
Scrolls
 c - a scroll of revelation {unknown}
 d - 3 scrolls of teleportation {unknown}
 e - a scroll of enchant weapon {unknown}
 h - 2 scrolls of identify {unknown}
 i - a scroll of poison {unknown}
 j - a scroll of fear {unknown}
Potions
 a - a potion of lignification


   Skills:
 + Level 1.6 Fighting
 - Level 2.0 Dodging
 + Level 1.7 Stealth
 * Level 3.6 Unarmed Combat
 + Level 3.2 Shapeshifting


You had 2 spell levels left.
You didn't know any spells.
Your spell library was empty.

Dungeon Overview and Level Annotations

Branches:
Dungeon (2/15)

Altars:


Innate Abilities, Weirdness & Mutations

You are a hulking beast.
Your limbs bulge with bestial killing power. (Slay +2)
You cannot wear most types of armour.
You are amphibious.
You can wear up to eight rings at the same time.
Your skin changes colour to match your surroundings (Stealth+).
Your rubbery body absorbs attacks. (AC +1, EV +1)
((You are camouflaged when in or above water. (Stealth+)))
You have tentacles for arms and can constrict up to eight enemies at once.


Message History

You are frozen.
Things that are here:
a +0 short sword; a +0 ring mail; 8 gold pieces You tentacle-slap the endoplasm.
The endoplasm is severely wounded.
The jackal bites you. The endoplasm barely misses you.
You tentacle-slap the endoplasm.
The endoplasm is almost dead.
The jackal bites you. x2; The jackal misses you.
The jackal closely misses you. The jackal bites you. The endoplasm misses you.
You tentacle-slap the jackal. Your grab misses the jackal.
The jackal is severely wounded.
The jackal closely misses you. The jackal bites you.
The jackal barely misses you. The endoplasm hits you.
You tentacle-slap the endoplasm.
You kill the endoplasm!
The jackal misses you. The jackal bites you. x2
* * * LOW HITPOINT WARNING * * *
You barely miss the jackal. Your grab misses the jackal.
The jackal is severely wounded.
The jackal closely misses you. The jackal misses you. The jackal bites you.
* * * LOW HITPOINT WARNING * * *
The jackal bites you.
* * * LOW HITPOINT WARNING * * *
The jackal bites you but does no damage.
The jackal misses you.
You closely miss the jackal. You grab the jackal. You squeeze the jackal.
You kill the jackal!
The jackal closely misses you. The jackal misses you. The jackal bites you.
* * * LOW HITPOINT WARNING * * *
Unknown command.
You miss the jackal. Your grab misses the jackal. The jackal barely misses you.
The jackal bites you but does no damage.
The jackal bites you.
* * * LOW HITPOINT WARNING * * *
The jackal barely misses you.
Unknown command.
It was a potion of magic.
Magic courses through your body. The jackal barely misses you.
The jackal bites you.
You die...

..# #.# ... .#
#.# ##.. ...
..h.. ##
#.##... #
[.#h†#.# .
#.##.#hh..#...
#....#.h......
#
#.......###.##
.
##..........#
#####..#####
######..#
#.......# ##.#
#.####.## )..#
#.#


You could see 3 jackals.

Vanquished Creatures
  A worm (D:2)
  2 dart slugs
  5 ball pythons
  3 bats (D:1)
  2 endoplasms
  4 goblins (D:2)
  4 hobgoblins
  A jackal (D:2)
  2 kobolds
  A quokka (D:1)
  3 frilled lizards
  3 rats
31 creatures vanquished.

Notes
Turn   | Place    | Note
-------+----------+-------------------------------------------
     0 | D:1      | LustLizard the Octopode Shapeshifter began the quest for
                  | the Orb.
     0 | D:1      | Reached XP level 1. HP: 13/13 MP: 1/1
   156 | D:1      | Reached XP level 2. HP: 18/18 MP: 2/2
   165 | D:1      | Reached skill level 1 in Stealth
   684 | D:2      | Reached XP level 3. HP: 19/23 MP: 3/3
   879 | D:2      | HP: 1/23 [jackal (3)]
   880 | D:2      | Slain by a jackal

Illustrated notes

Levels and vault maps discovered:
D:1:      dpeg_arrival_connections, layout_loops_ring, st_stairs_3, minivault_14
D:2:      layout_basic, basic_altar, minmay_misc_feat_secret_circle

Skill      XL: |  1  2 |
---------------+-------+-----
Stealth        | 1 |  1.7
Fighting       | |  1.6
Dodging        | |  2.0
Unarmed Combat | |  3.6
Shapeshifting  | |  3.2

Action                     || total
---------------------------++-------
  Melee: Unarmed           ||    50
         Constrict         ||    13
         Tentacles         ||    10
         Punch             ||     2
    Use: Potion            ||     1
   Stab: Sleeping          ||     9
 Armour: Skin              ||     6
  Dodge: Dodged            ||    36

Table legend: (Time is in decaauts)
 A = Elapsed time spent in this place.
 B = Non-inter-level travel time spent in this place.
 C = Inter-level travel time spent in this place.
 D = Time resting spent in this place.
 E = Time spent auto-exploring this place.
 F = Levels seen in this place.
 G = Mean time per level.
                   A        B        C        D        E       F      G
               +--------+--------+--------+--------+--------+-----+--------+
         Total |    877 |    872 |      5 |      0 |    652 |   2 |  438.5 |
       Dungeon |    877 |    872 |      5 |      0 |    652 |   2 |  438.5 |
               +--------+--------+--------+--------+--------+-----+--------+

Top non-repeatable levels by time:
     D:1: 668 daAuts
     D:2: 208 daAuts
